Map: Jagannatha LE

Players

Maru

  • Race: Terran Terran
  • League: Master
  • Spawn Location: 7:00

ByuN - Winner!

  • Race: Terran Terran
  • Spawn Location: 1:00

Event: ASUS ROG Online 2020

VOD

Have the link to the VOD?

Description

Time

  • Played on: Nov. 29, 2020, 3:36 p.m.
  • Length: 20:38

All games in this series

Show
View Real Time Build Order
Export as new Build Order

Maru Terran 

Build Orders:  

Get SALT Encoding   

  12  0:00  SCV  
  13  0:12  SCV  
  14  0:16  Supply Depot  
  14  0:24  SCV  
  15  0:38  SCV  
  15  0:40  Barracks  
  16  0:43  Refinery  
  16  0:50  SCV  
  16  0:54  Refinery  
  17  1:02  SCV  
  18  1:14  SCV  
  19  1:27  Orbital Command, Reaper  
  19  1:29  Supply Depot  
  20  1:43  Factory  
  20  1:53  SCV  
  21  1:59  Reaper  
  22  2:05  SCV  
  23  2:17  SCV  
  24  2:25  Command Center  
  24  2:29  Hellion  
  26  2:30  SCV  
  26  2:33  Reaper  
  28  2:38  Supply Depot  
  28  2:42  SCV  
  29  2:48  Starport  
  29  2:54  Hellion  
  31  2:59  SCV  
  32  3:10  Barracks Reactor  
  32  3:11  SCV  
  33  3:16  Factory Tech Lab  
  33  3:20  Refinery  
  33  3:23  SCV  
  33  3:25  Starport Tech Lab  
  37  3:36  SCV  
  37  3:38  Orbital Command  
  38  3:46  Siege Tank  
  38  3:47  Viking  
  38  3:48  Marine x2  
  39  3:50  SCV  
  40  4:02  SCV  
  41  4:03  SCV  
  41  4:06  Marine x2  
  44  4:12  Supply Depot  
  44  4:14  SCV  
  44  4:16  SCV  
  44  4:21  Raven  
  45  4:26  SCV  
  45  4:28  SCV  
  45  4:29  Siege Tank  
  45  4:30  Marine x2  
  52  4:38  SCV  
  52  4:44  Command Center  
  53  4:48  SCV  
  53  4:51  Refinery, SCV  
  55  4:57  Marine x2  
  57  5:02  SCV  
  57  5:03  Raven, SCV  
  59  5:07  Siege Tank  
  59  5:12  Supply Depot  
  62  5:20  Barracks  
  62  5:22  Barracks  
  62  5:34  SCV x2  
  64  5:39  Engineering Bay  
  64  5:41  Engineering Bay  
  67  5:42  Siege Tank  
  67  5:46  Raven, SCV  
  70  5:54  Supply Depot  
  70  5:55  SCV  
  71  5:57  Orbital Command  
  71  5:58  SCV  
  72  6:07  SCV  
  72  6:10  SCV  
  74  6:14  Barracks Reactor  
  74  6:18  Barracks Reactor, Siege Tank  
  74  6:20  SCV  
  74  6:22  SCV  
  74  6:23  Supply Depot  
  74  6:24  Orbital Command  
  79  6:29  Terran Infantry Weapons Level 1  
  79  6:30  Terran Infantry Armor Level 1  
  78  6:33  SCV  
  78  6:34  SCV  
  78  6:38  Marine  
  81  6:42  Barracks x2  
  81  6:45  SCV  
  81  6:47  SCV  
  83  6:50  SCV  
  83  6:53  Viking x2  
  88  6:57  SCV  
  88  6:59  SCV  
  90  7:02  SCV  
  90  7:07  Siege Tank  
  93  7:09  SCV  
  93  7:11  SCV  
  93  7:12  Sensor Tower  
  93  7:14  SCV  
  96  7:18  Supply Depot  
  96  7:19  Armory  
  96  7:21  SCV  
  96  7:22  Stimpack  
  97  7:23  SCV  
  97  7:26  SCV  
  99  7:32  Refinery x2  
  99  7:33  SCV  
  99  7:35  SCV  
  101  7:37  Supply Depot  
  101  7:39  Supply Depot, SCV  
  101  7:40  Barracks Reactor x2, Supply Depot  
  102  7:45  SCV, Siege Tank  
  102  7:47  SCV  
  107  7:51  Supply Depot  
  107  7:56  Missile Turret  
  107  7:57  SCV  
  109  7:58  Viking x2  
  112  8:08  Marine  
  112  8:09  Command Center  
  112  8:12  SCV  
  113  8:17  SCV  
  113  8:18  Siege Tank  
  115  8:24  Marine x4  
  115  8:26  SCV x2  
  120  8:29  Supply Depot, SCV  
  120  8:31  Terran Infantry Armor Level 2, Terran Infantry Weapons Level 2  
  121  8:36  Marine  
  121  8:37  Marine x3  
  125  8:45  Supply Depot x2  
  125  8:46  Medivac x2, Supply Depot  
  129  8:48  Factory, SCV  
  130  8:56  Missile Turret x2  
  130  8:58  Siege Tank  
  130  8:59  Marine  
  134  9:05  SCV x3  
  134  9:08  Missile Turret  
  134  9:09  Combat Shield, Sensor Tower  
  137  9:15  Marine  
  137  9:16  Marine x5  
  143  9:17  Marine  
  143  9:18  Marine  
  143  9:23  SCV x2  
  143  9:24  SCV  
  148  9:35  Missile Turret, SCV, Siege Tank, Marine x5  
  148  9:36  SCV  
  158  9:41  Sensor Tower  
  158  9:43  Supply Depot  
  158  9:47  SCV  
  158  9:48  Planetary Fortress  
  151  9:53  Armory  
  151  9:55  Armory  
  150  10:06  Orbital Command, Marine  
  150  10:07  Marine x5  
  148  10:09  Marine x3  
  153  10:14  Siege Tank  
  153  10:21  SCV x2  
  156  10:24  Marine  
  154  10:38  Factory Tech Lab, Refinery  
  154  10:39  SCV x3  
  154  10:41  Refinery  
  157  10:46  Siege Tank  
  157  10:51  SCV  
  157  10:53  Starport  
  157  10:55  Command Center, Refinery x2  
  157  10:56  Supply Depot, Starport  
  156  11:00  Marine x3  
  151  11:05  Marine  
  151  11:06  Barracks Reactor, Marine  
  151  11:07  Siege Tank  
  152  11:12  SCV x3  
  152  11:17  Liberator x2  
  152  11:18  Refinery  
  160  11:19  Marine  
  160  11:24  SCV x2  
  162  11:27  Command Center  
  159  11:42  Orbital Command  
  159  11:45  Siege Tank  
  159  11:46  Siege Tank  
  158  11:54  Starport Tech Lab  
  158  11:58  Starport Tech Lab  
  158  12:00  Command Center  
  155  12:09  Refinery, Marine x6  
  155  12:10  Marine  
  155  12:11  Terran Infantry Weapons Level 3, Terran Infantry Armor Level 3  
  161  12:17  Refinery  
  161  12:18  Sensor Tower  
  161  12:20  Marine x3  
  161  12:22  Siege Tank  
  163  12:27  Marine  
  161  12:31  SCV x3  
  161  12:33  Medivac x2  
  165  12:37  Orbital Command  
  165  12:38  Orbital Command  
  165  12:43  SCV  
  166  12:48  Medivac x2  
  166  12:49  Command Center, SCV x2  
  172  12:55  SCV  
  173  13:07  Missile Turret x2  
  173  13:17  Raven x2  
  174  13:26  Viking x2  
  178  13:27  Orbital Command  
  175  13:37  Command Center  
  174  13:41  Command Center  
  174  13:50  Refinery  
  164  13:59  Viking x2  
  164  14:00  Corvid Reactor, Raven x2  
  164  14:02  Siege Tank x2  
  171  14:03  Starport x2  
  171  14:05  SCV  
  171  14:06  SCV x3  
  175  14:15  Terran Vehicle Weapons Level 1  
  175  14:16  Terran Vehicle And Ship Armor Level 1  
  175  14:20  Missile Turret  
  175  14:29  Orbital Command  
  175  14:40  Orbital Command  
  175  14:41  Marine  
  175  14:43  Raven, Viking x2  
  175  14:44  Starport Reactor, Starport Tech Lab  
  179  15:01  Refinery  
  179  15:03  Raven, Refinery  
  179  15:04  Sensor Tower  
  181  15:09  Missile Turret, Orbital Command x2  
  181  15:12  Missile Turret x2  
  178  15:21  Missile Turret, Marine  
  164  15:25  Siege Tank x2  
  164  15:34  Raven  
  164  15:35  Raven, Viking x2  
  159  15:37  Marine  
  159  15:38  Marine  
  159  15:39  Marine x4  
  159  15:41  Marine x4  
  144  15:45  Raven  
  145  15:55  Marine  
  145  15:56  Marine x2  
  145  15:57  Siege Tank x2, Marine  
  153  16:07  Marine x6  
  148  16:17  Orbital Command  
  130  16:27  Marine  
  130  16:28  Marine x2  
  130  16:29  Orbital Command, Siege Tank  
  126  16:39  Raven  
  125  16:40  Raven x2  
  131  16:51  Medivac x2  
  131  16:52  Marine x4  
  139  17:00  Marine x3  
  142  17:04  Medivac, Marine  
  144  17:13  Orbital Command, Marine x3  
  144  17:14  Marine  
  114  17:20  Terran Vehicle Weapons Level 2  
  114  17:27  Marine  
  114  17:28  Refinery, Marine x4  
  119  17:35  Siege Tank  
  122  17:38  SCV x5  
  122  18:01  Orbital Command  
  106  18:06  Marine x7  
  106  18:12  Marine  
  114  18:23  Siege Tank, Marine  
  114  18:24  Siege Tank  
  112  18:34  Marine x6  
  112  18:38  Marine  
  112  18:39  Marine  
  120  18:45  Marine  
  121  18:58  Marine x4  
  121  19:02  Marine x2  
  123  19:03  Marine  
  123  19:04  Marine x3  
  127  19:16  SCV, Marine x4  
  131  19:19  Marine x2  
  131  19:21  Marine  
  131  19:23  Marine  
  129  19:37  Marine x7  
  133  19:54  SCV x3  
  128  20:19  Marine  
Show
View Real Time Build Order
Export as new Build Order

ByuN Terran - Winner!

Build Orders:  

Get SALT Encoding   

  12  0:00  SCV  
  13  0:12  SCV  
  14  0:17  Supply Depot  
  14  0:24  SCV  
  15  0:38  SCV  
  15  0:39  Barracks  
  16  0:43  Refinery  
  16  0:51  SCV  
  16  0:53  Refinery  
  17  1:03  SCV  
  18  1:15  SCV  
  19  1:26  Reaper  
  19  1:27  Orbital Command  
  19  1:28  Supply Depot  
  20  1:41  Factory  
  20  1:52  SCV  
  21  1:58  Reaper  
  22  2:04  SCV  
  23  2:17  Command Center  
  23  2:18  SCV  
  24  2:25  Hellion  
  26  2:30  Barracks Reactor  
  26  2:31  SCV  
  26  2:35  Supply Depot  
  27  2:43  SCV  
  28  2:46  Factory Tech Lab  
  28  2:49  Starport  
  28  2:56  SCV  
  32  3:05  Siege Tank  
  32  3:08  Marine  
  32  3:09  SCV  
  32  3:10  Marine  
  35  3:17  Refinery  
  35  3:21  SCV  
  35  3:25  Viking  
  39  3:32  Orbital Command  
  39  3:34  SCV  
  39  3:36  Marine  
  38  3:41  Marine  
  38  3:47  SCV  
  39  3:56  Factory Tech Lab  
  39  4:00  SCV  
  39  4:02  SCV  
  41  4:05  Raven, Marine x2  
  45  4:10  Supply Depot  
  45  4:12  SCV  
  45  4:14  SCV  
  47  4:23  Marine x2  
  47  4:24  SCV, Siege Tank  
  47  4:26  SCV  
  52  4:34  Supply Depot  
  52  4:37  SCV  
  52  4:38  SCV  
  54  4:40  Marine  
  54  4:41  Marine  
  56  4:49  Supply Depot  
  56  4:50  Raven, SCV x2  
  60  4:56  Supply Depot  
  60  4:58  Marine x2  
  61  5:02  Siege Tank  
  61  5:06  SCV x2  
  66  5:15  Command Center  
  66  5:18  SCV x2  
  68  5:30  SCV x2  
  68  5:34  Barracks  
  70  5:36  Barracks  
  70  5:37  Stimpack, Marine  
  70  5:40  Starport Reactor, Siege Tank  
  74  5:44  SCV x2  
  76  5:51  Refinery  
  76  5:54  Supply Depot  
  76  5:56  SCV x2, Marine  
  79  6:01  Engineering Bay  
  79  6:03  Engineering Bay  
  79  6:08  SCV x2  
  81  6:13  Siege Tank  
  81  6:14  Marine  
  85  6:20  SCV x2  
  85  6:21  Marine x2  
  85  6:22  Starport Reactor  
  89  6:27  Orbital Command  
  89  6:31  Marine x2  
  89  6:32  Terran Infantry Weapons Level 1, SCV x2  
  92  6:37  Terran Infantry Armor Level 1  
  93  6:43  Marine x2  
  93  6:44  Marine  
  96  6:48  SCV x2, Marine  
  96  6:49  Marine  
  96  6:52  SCV  
  100  6:58  Siege Tank  
  100  6:59  Supply Depot  
  100  7:00  Medivac  
  100  7:01  Supply Depot  
  105  7:02  SCV x2  
  105  7:06  SCV  
  106  7:11  Marine  
  106  7:12  Marine x2  
  106  7:15  Refinery  
  109  7:16  Refinery  
  109  7:20  Marine  
  109  7:21  SCV x3, Marine  
  114  7:29  Marine x2  
  114  7:30  Medivac, Marine  
  114  7:33  Combat Shield, Medivac, SCV x3  
  124  7:38  Marine  
  124  7:40  Barracks  
  124  7:43  Barracks  
  125  7:49  Armory  
  125  7:50  Supply Depot  
  125  7:53  Supply Depot x2  
  125  8:12  SCV x3, Marine x5  
  133  8:15  Siege Tank  
  136  8:24  SCV x3  
  139  8:28  Barracks Reactor, Medivac x2, Sensor Tower  
  139  8:29  Barracks Reactor, Marine x5  
  148  8:34  Command Center  
  148  8:42  SCV  
  148  8:47  Supply Depot  
  149  8:48  SCV, Marine x4  
  149  8:49  SCV  
  149  8:52  Supply Depot  
  155  8:56  Factory  
  155  8:57  Supply Depot  
  155  9:02  Barracks Reactor  
  155  9:03  Terran Infantry Armor Level 2, Terran Infantry Weapons Level 2  
  155  9:06  Marine x2  
  155  9:09  Siege Tank, Marine x5  
  165  9:11  Marine  
  165  9:15  Supply Depot, SCV x3  
  167  9:17  Supply Depot  
  167  9:19  Medivac  
  167  9:21  Medivac  
  171  9:24  Marine x2  
  171  9:27  Marine  
  174  9:32  Marine x5  
  179  9:42  Marine x2  
  179  9:44  Marine  
  179  9:45  Marine  
  183  9:46  Marine  
  183  9:50  Marine x5  
  189  9:53  Siege Tank x2  
  189  9:59  Marine x2  
  192  10:02  Marine  
  192  10:03  Marine x2  
  193  10:08  Marine x3  
  193  10:11  Marine x2  
  177  10:17  Marine x2  
  177  10:18  Planetary Fortress  
  177  10:20  Marine  
  177  10:21  Marine x2  
  176  10:25  Siege Tank  
  176  10:26  Siege Tank, Marine x3  
  176  10:29  Marine x2  
  176  10:33  Medivac x2  
  176  10:35  Marine x2  
  178  10:38  Marine x2  
  178  10:39  Marine  
  178  10:43  Marine  
  178  10:44  Marine  
  178  10:47  Marine  
  181  10:50  Marine x2  
  181  10:53  Marine x2  
  181  10:56  Marine x2  
  187  10:57  Marine  
  187  10:58  Siege Tank x2  
  187  11:03  Marine x2  
  189  11:04  Marine  
  189  11:07  Marine  
  189  11:08  Marine  
  189  11:11  Marine  
  177  11:13  Medivac  
  177  11:14  Marine x3  
  177  11:16  SCV x3  
  183  11:24  Marine x2  
  183  11:25  Marine x2  
  185  11:29  Marine  
  185  11:30  Siege Tank x2, Marine  
  191  11:33  Marine  
  191  11:37  Marine  
  191  11:39  Marine  
  188  11:41  Marine  
  188  11:43  Marine x2  
  188  11:45  Marine x2  
  181  11:47  Marine  
  181  11:48  Marine  
  181  11:50  Marine  
  181  11:53  Terran Infantry Weapons Level 3, Terran Infantry Armor Level 3  
  184  11:55  Marine  
  184  11:57  Marine  
  184  11:59  Marine  
  181  12:01  Marine  
  181  12:02  Siege Tank x2, Marine x2  
  181  12:03  Marine  
  181  12:05  Marine  
  181  12:06  Marine  
  185  12:09  Barracks x3  
  185  12:12  SCV x3  
  179  12:16  Marine x2  
  179  12:18  Missile Turret  
  179  12:22  Marine  
  179  12:29  Command Center  
  169  12:31  Marine x7  
  169  12:34  Siege Tank x2  
  181  12:37  Marine  
  181  12:42  Marine  
  177  12:49  Marine  
  177  12:50  Marine  
  177  12:51  Marine x5  
  180  12:52  Marine  
  180  12:55  Marine  
  186  13:00  Marine  
  186  13:02  Refinery x2  
  186  13:03  Barracks Reactor  
  186  13:04  Barracks Reactor  
  186  13:05  Barracks Reactor  
  187  13:06  Siege Tank x2  
  187  13:08  Starport  
  187  13:09  Starport  
  193  13:13  Marine  
  193  13:14  Marine  
  195  13:23  Marine x4  
  193  13:31  Marine x6  
  199  13:38  Siege Tank  
  199  13:41  Marine x4  
  193  13:43  Siege Tank  
  199  13:49  Marine  
  182  13:58  Starport Tech Lab  
  182  13:59  Medivac, Starport Tech Lab  
  182  14:00  Medivac  
  182  14:01  Planetary Fortress, Marine x5  
  188  14:03  Missile Turret  
  188  14:04  Marine x2  
  195  14:10  Siege Tank  
  195  14:15  Sensor Tower  
  198  14:17  Corvid Reactor, Raven  
  198  14:21  Raven  
  198  14:23  Sensor Tower  
  197  14:31  Command Center  
  197  14:32  Neosteel Armor  
  197  14:33  Terran Vehicle Weapons Level 1, Hi-Sec Auto Tracking, Command Center  
  193  14:51  Missile Turret  
  193  14:52  Viking x2  
  197  14:55  Armory  
  197  14:58  Command Center  
  197  14:59  Raven  
  197  15:02  Command Center  
  195  15:19  Siege Tank  
  195  15:20  Marine x4  
  197  15:24  Marine x6  
  197  15:26  Marine  
  200  15:34  Marine x2  
  200  15:35  Marine  
  197  15:37  Marine  
  197  15:39  Marine x2  
  197  15:41  Marine  
  200  15:48  Marine  
  194  15:50  Raven x2  
  194  15:54  Marine x2  
  200  16:03  Marine x5  
  199  16:07  Marine x2  
  195  16:14  Marine  
  195  16:16  Marine  
  195  16:17  Marine x4  
  195  16:18  Siege Tank x2, Marine x3  
  170  16:20  Marine  
  170  16:21  Marine  
  170  16:23  Marine x3  
  170  16:24  Marine  
  170  16:25  Marine  
  172  16:32  Marine  
  151  16:33  Marine  
  151  16:34  Medivac  
  151  16:35  Medivac, Raven, Marine x7  
  151  16:36  Raven  
  151  16:38  Marine  
  151  16:39  Marine  
  165  16:41  Marine x2  
  167  16:48  Marine  
  167  16:49  Marine  
  167  16:50  Siege Tank  
  167  16:51  Siege Tank  
  167  16:52  Marine x3  
  175  16:59  Orbital Command  
  175  17:04  Viking x2  
  179  17:10  Marine  
  179  17:12  Marine x2  
  179  17:15  Marine x2  
  152  17:18  Raven  
  152  17:19  Viking  
  152  17:20  Orbital Command  
  157  17:23  Siege Tank x2  
  157  17:24  Marine x3  
  166  17:32  Terran Vehicle Weapons Level 2  
  166  17:33  Terran Vehicle And Ship Armor Level 1  
  166  17:34  Medivac, Orbital Command, Viking  
  170  17:38  Marine x2  
  170  17:42  Planetary Fortress  
  172  17:49  Medivac  
  168  17:51  Marine  
  168  17:55  Siege Tank x2  
  168  17:56  Marine x6  
  177  18:01  Viking, Marine  
  177  18:02  Marine x3  
  177  18:04  Marine x3  
  177  18:05  Marine  
  167  18:08  Marine  
  167  18:12  Marine  
  165  18:14  Marine  
  166  18:20  Medivac x2  
  166  18:21  Marine  
  166  18:22  Marine x3  
  166  18:23  Marine  
  173  18:27  Siege Tank x2  
  179  18:34  Marine  
  179  18:35  Marine x4  
  179  18:37  Marine  
  179  18:40  Marine x5  
  188  18:44  Raven x2  
  188  18:46  Marine x4  
  188  18:47  Marine  
  194  18:53  Viking  
  194  18:55  Marine x4  
  194  18:57  Marine  
  194  18:59  Siege Tank  
  194  19:00  Marine  
  198  19:14  Siege Tank  
  198  19:15  Marine  
  198  19:16  Marine x4  
  200  19:29  Marine  
  200  19:36  Medivac x2, Marine  
  200  19:49  Viking x2  
Tags
 
Add a new tag
Caveats
  • Supply blocks, unpowered buildings, or Contaminate may cause inaccurate times.
  • Supply counts are checked every 10 seconds.